 Dungeon Crawl Stone Soup version 0.21.1-1-g345015f (webtiles) character file.

239 jerryfan the Twirler (level 6, -12/66 HPs)
             Began as a Gnoll Wanderer on May 23, 2018.
             Mangled by Crazy Yiuf
             ... wielding a +2 quarterstaff of chaos
              (17 damage)
             ... on level 4 of the Dungeon.
             The game lasted 00:08:24 (2300 turns).

jerryfan the Twirler (Gnoll Wanderer)               Turns: 2300, Time: 00:08:25

Health: -12/66     AC: 23    Str: 18    XL:     6   Next: 7%
Magic:  8/8        EV:  2    Int: 15    God:
Gold:   164        SH:  0    Dex: 15    Spells: 8/8 levels left

rFire    . . .     SeeInvis +   a - +2 quarterstaff
rCold    . . .     Gourm    .   (shield currently unavailable)
rNeg     + + +     Faith    .   (armour currently unavailable)
rPois    +         Spirit   .   (helmet currently unavailable)
rElec    .         Reflect  .   (cloak currently unavailable)
rCorr    .         Harm     .   (gloves currently unavailable)
MR       .....     NoTele   +   (boots currently unavailable)
Stlth    +++.......             k - amulet of magic regeneration
HPRegen  0.21/turn              e - ring of see invisible
MPRegen  0.36/turn              t - +3 ring of intelligence

@: tree-form
A: distributed training, strong nose
a: no special abilities


You were on level 4 of the Dungeon.
You were not hungry.
You were a tree.
You visited 1 branch of the dungeon, and saw 4 of its levels.

You collected 164 gold pieces.

Inventory:

Hand Weapons
 a - a +2 quarterstaff (weapon)
 d - a +0 dagger
 q - a +0 hunting sling
Missiles
 m - 6 javelins (quivered)
 r - 46 stones
Armour
 b - a +0 ring mail (melded)
Jewellery
 e - a ring of see invisible (left branch)
 k - an amulet of magic regeneration (around neck)
 t - a +3 ring of intelligence (right branch)
Scrolls
 g - a scroll of enchant weapon {unknown}
 h - a scroll of enchant armour {unknown}
 j - a scroll of remove curse
 n - a scroll of fog {unknown}
 o - 2 scrolls of immolation {unknown}
 p - a scroll of identify
 u - a scroll of amnesia {unknown}
Potions
 c - a potion of lignification
 s - a potion of might {unknown}
Comestibles
 f - 8 rations
 l - 3 chunks of flesh


   Skills:
 + Level 1.7 Fighting
 + Level 1.7 Short Blades
 + Level 1.7 Long Blades
 + Level 1.7 Axes
 + Level 1.7 Maces & Flails
 + Level 1.7 Polearms
 + Level 6.7 Staves
 + Level 1.7 Slings
 + Level 3.1 Bows
 + Level 1.7 Crossbows
 + Level 1.7 Throwing
 + Level 4.9 Armour
 + Level 1.7 Dodging
 + Level 6.2 Stealth
 + Level 1.7 Shields
 + Level 1.7 Unarmed Combat
 + Level 1.7 Spellcasting
 + Level 1.3 Conjurations
 + Level 1.3 Hexes
 + Level 1.3 Charms
 + Level 1.3 Summonings
 + Level 1.3 Necromancy
 + Level 1.3 Translocations
 + Level 1.3 Transmutations
 + Level 1.3 Fire Magic
 + Level 1.3 Ice Magic
 + Level 1.3 Air Magic
 + Level 1.3 Earth Magic
 + Level 1.3 Poison Magic
 + Level 2.0 Invocations
 + Level 3.1 Evocations


You had 8 spell levels left.
You didn't know any spells.

Dungeon Overview and Level Annotations

Branches:
Dungeon (4/15)             Temple (0/1) D:4

Altars:
Dithmenos
Gozag

Annotations:
D:4 Crazy Yiuf


Innate Abilities, Weirdness & Mutations

Your experience applies equally to all skills.
((You have very sharp teeth.))
Your uncanny sense of smell can sniff out nearby items.


Message History

Space warps horribly around you!
* * * LOW HITPOINT WARNING * * *
You closely miss Crazy Yiuf. Crazy Yiuf hits you but does no damage.
As you read the scroll labeled XYAFOMIULU, it crumbles to dust.
You feel aware of your surroundings.
You sensed 4 altars.
It was a scroll of magic mapping.
Crazy Yiuf barely misses you.
You turn into a tree.
Your +0 ring mail melds into your body.
Your roots penetrate the ground.
Crazy Yiuf flaps his cloak.
Crazy Yiuf hits you but does no damage.
You sock Crazy Yiuf!
Crazy Yiuf is severely wounded.
You barely miss Crazy Yiuf.
Crazy Yiuf is severely wounded.
Crazy Yiuf hits you but does no damage.
You hit Crazy Yiuf.
Crazy Yiuf is severely wounded.
Crazy Yiuf cries, "Flower!
Trifle cower wrapper."
Crazy Yiuf hits you but does no damage.
You are electrocuted!
You die...

*,*,*>,,*
**,***,,,,**,* #.#
*,*,*,,,*
*,,,,,,*,,**,*
#####.# *,*,,,,,*
*,,***,,,,**,*
#...#.# *,*,,,,**
*,** *********
*#..... *,*,,,,*
*,* #..#.#
*,*,,,,****,*
♣♣♣♣♣##....#
*,*,,,,,,,,,*
#####♣♣♣.♣..#.<####
*,,,,,,,,,,,*
#...#♣..♣......####
,,,,,,,,,,,,*
#g♣.'.♣♣♣♣.........
***,,,*******
#)..#♣♣ ♣♣.#..####
***,,,,,,<,,* #####
♣♣####
,,,,,,,,,,,,*
*************


You could see Crazy Yiuf.

Vanquished Creatures
  A hound (D:4)
  2 orc wizards (D:3)
  Natasha (twice) (D:2)
  A worker ant (D:4)
  3 adders
  2 worms
  A leopard gecko (D:1)
  6 orcs (D:3)
  A giant cockroach (D:3)
  7 goblins
  2 hobgoblins
  4 jackals (D:3)
  A quokka (D:3)
  4 bats
  8 frilled lizards
  6 kobolds
  A quokka skeleton (D:4)
  3 rats
55 creatures vanquished.

Notes
Turn   | Place    | Note
-------+----------+-------------------------------------------
     0 | D:1      | jerryfan the Gnoll Wanderer began the quest for the Orb.
     0 | D:1      | jerryfan set off with: a +2 quarterstaff, a +0 ring mail, a potion of lignification, a +0 dagger, a ration
     0 | D:1      | Reached XP level 1. HP: 13/13 MP: 2/2
   295 | D:1      | Reached XP level 2. HP: 19/19 MP: 3/3
   725 | D:2      | Found a shadowy altar of Dithmenos.
   733 | D:2      | Reached XP level 3. HP: 25/25 MP: 4/4
   746 | D:2      | Found an opulent altar of Gozag.
   806 | D:2      | Noticed Natasha
   813 | D:2      | Killed Natasha
   813 | D:2      | Reached skill level 1 in Invocations
  1078 | D:2      | Noticed Natasha
  1085 | D:2      | Killed Natasha
  1085 | D:2      | Reached skill level 1 in Fighting
  1085 | D:2      | Reached skill level 1 in Short Blades
  1085 | D:2      | Reached skill level 1 in Long Blades
  1085 | D:2      | Reached skill level 1 in Axes
  1085 | D:2      | Reached skill level 1 in Maces & Flails
  1085 | D:2      | Reached skill level 1 in Polearms
  1085 | D:2      | Reached skill level 1 in Slings
  1085 | D:2      | Reached skill level 1 in Crossbows
  1085 | D:2      | Reached skill level 1 in Throwing
  1085 | D:2      | Reached skill level 1 in Dodging
  1085 | D:2      | Reached skill level 1 in Shields
  1085 | D:2      | Reached skill level 1 in Unarmed Combat
  1085 | D:2      | Reached skill level 1 in Spellcasting
  1085 | D:2      | Reached XP level 4. HP: 20/32 MP: 4/6
  1392 | D:3      | Reached skill level 1 in Conjurations
  1392 | D:3      | Reached skill level 1 in Hexes
  1392 | D:3      | Reached skill level 1 in Charms
  1392 | D:3      | Reached skill level 1 in Summonings
  1392 | D:3      | Reached skill level 1 in Necromancy
  1392 | D:3      | Reached skill level 1 in Translocations
  1392 | D:3      | Reached skill level 1 in Transmutations
  1392 | D:3      | Reached skill level 1 in Fire Magic
  1392 | D:3      | Reached skill level 1 in Ice Magic
  1392 | D:3      | Reached skill level 1 in Air Magic
  1392 | D:3      | Reached skill level 1 in Earth Magic
  1392 | D:3      | Reached skill level 1 in Poison Magic
  1392 | D:3      | Reached XP level 5. HP: 37/37 MP: 7/7
  2109 | D:4      | Reached XP level 6. HP: 35/44 MP: 8/8
  2285 | D:4      | Found a runed door.
  2289 | D:4      | Noticed Crazy Yiuf
  2300 | D:4      | Mangled by Crazy Yiuf

Skill      XL: |  1  2  3  4  5  6 |
---------------+-------------------+-----
Stealth        | 6 |  6.2
Invocations    | 1 2 |  2.0
Fighting       | 1 |  1.7
Short Blades   | 1 |  1.7
Long Blades    | 1 |  1.7
Axes           | 1 |  1.7
Maces & Flails | 1 |  1.7
Polearms       | 1 |  1.7
Slings         | 1 |  1.7
Crossbows      | 1 |  1.7
Throwing       | 1 |  1.7
Dodging        | 1 |  1.7
Shields        | 1 |  1.7
Unarmed Combat | 1 |  1.7
Spellcasting   | 1 |  1.7
Conjurations   | 1 |  1.3
Hexes          | 1 |  1.3
Charms         | 1 |  1.3
Summonings     | 1 |  1.3
Necromancy     | 1 |  1.3
Translocations | 1 |  1.3
Transmutations | 1 |  1.3
Fire Magic     | 1 |  1.3
Ice Magic      | 1 |  1.3
Air Magic      | 1 |  1.3
Earth Magic    | 1 |  1.3
Poison Magic   | 1 |  1.3
Bows           | 3 |  3.1
Evocations     | 3 |  3.1
Staves         | |  6.7
Armour         | |  4.9

Action                   |  1- 3 |  4- 6 || total
-------------------------+-------+-------++-------
Melee: Quarterstaff      |    52 |    75 ||   127
       Bite              |     1 |    11 ||    12
Throw: Javelin           |       |     8 ||     8
  Use: Scroll            |       |     4 ||     4
       Potion            |       |     1 ||     1
 Stab: Sleeping          |     4 |     4 ||     8
  Eat: Chunk             |       |     4 ||     4
Armor: Ring mail         |    17 |    28 ||    45
       Skin              |       |     2 ||     2
Dodge: Dodged            |    30 |    45 ||    75
